 Dungeon Crawl Stone Soup version 0.27-a0-277-g024f7ef292 (webtiles) character file.

Game seed: 15733668287567205451

429 Borgoz the Cudgeller (level 6, -6/41 HPs)
             Began as a Gargoyle Gladiator on Feb 5, 2021.
             Mangled by an orc warrior
             ... wielding a +0 battleaxe
              (21 damage)
             ... on level 4 of the Dungeon.
             The game lasted 00:04:27 (4268 turns).

Borgoz the Cudgeller (Gargoyle Gladiator)           Turns: 4268, Time: 00:04:28

Health: -6/41      AC: 11    Str: 18    XL:     6   Next: 98%
Magic:  6/6        EV: 12    Int:  8    God:
Gold:   156        SH:  3    Dex: 13    Spells: 5/5 levels left

rFire    . . .     SeeInvis .   a - +0 flail
rCold    . . .     Faith    .   l - +0 buckler (curse)
rNeg     + . .     Spirit   .   b - +0 leather armour
rPois    ∞         Reflect  .   (helmet restricted)
rElec    +         Harm     .   (no cloak)
rCorr    .         Rampage  .   r - +2 pair of gloves
Will     .....                  (no boots)
Stlth    +.........             (no amulet)
HPRegen  0.13/turn              (no ring)
MPRegen  0.10/turn              (no ring)

@: no status effects
A: horns 1, negative energy resistance 1, robust 1, electricity resistance,
unbreathing, petrification resistance, miasma immunity, AC +4
a: no special abilities


You were on level 4 of the Dungeon.
You visited 1 branch of the dungeon, and saw 5 of its levels.

You collected 156 gold pieces.

Inventory:

Hand Weapons
 a - a +0 flail (weapon)
Armour
 b - a +0 leather armour (worn)
 l - a cursed +0 buckler (worn)
 r - a +2 pair of gloves (worn)
Jewellery
 o - an uncursed ring of fire
Wands
 j - a wand of acid (8)
Scrolls
 c - a scroll of fear {unknown}
 e - 4 scrolls of remove curse {unknown}
 g - a scroll of magic mapping {unknown}
 h - a scroll of fog {unknown}
 i - 4 scrolls of identify {unknown}
 k - 2 scrolls of enchant armour {unknown}
 m - a scroll of teleportation {unknown}
 p - a scroll of enchant weapon {unknown}
Potions
 f - 5 potions of curing {unknown}
 n - a potion of brilliance {unknown}
 q - 2 potions of attraction {unknown}


   Skills:
 + Level 4.3 Fighting
 + Level 4.5 Maces & Flails
 - Level 1.7 Throwing
 + Level 3.5 Armour
 + Level 3.7 Dodging
 + Level 0.4 Shields


You had 5 spell levels left.
You didn't know any spells.
Your spell library contained the following spells:

 Spells                   Type           Power        Failure   Level
 Shock                    Conj/Air       0%           63%         1
 Swiftness                Air            0%           77%         2
 Confusing Touch          Hex            0%           94%         3
 Gell's Gravitas          Tloc           0%           94%         3
 Static Discharge         Conj/Air       0%           94%         3
 Airstrike                Air            0%           100%        4
 Petrify                  Tmut/Erth      0%           100%        4
 Lightning Bolt           Conj/Air       0%           100%        5
 Metabolic Englaciation   Hex/Ice        0%           100%        5
 Yara's Violent Unravell  Hex/Tmut       0%           100%        5


Dungeon Overview and Level Annotations

Branches:
Dungeon (5/15)
 Temple: D:4-7

Altars:


Innate Abilities, Weirdness & Mutations

You are resistant to torment.
Your stone body is resilient. (AC +4)
You are immune to poison.
You resist negative energy. (rN+)
You are resistant to electric shocks. (rElec)
You can survive without breathing.
You are immune to petrification.
You are immune to miasma.
You have a pair of small horns on your head.
You are robust. (+10% HP)


Message History

The orc warrior is heavily wounded.
The orc warrior struggles against the net. x2
You hit the orc warrior.
The orc warrior is heavily wounded.
The orc warrior struggles against the net.
You hit the orc warrior but do no damage.
The orc warrior is heavily wounded.
The orc warrior struggles against the net.
You hit the orc warrior but do no damage.
The orc warrior is heavily wounded.
The orc warrior struggles against the net.
The net rips apart, and the orc warrior comes free!
You hit the orc warrior. You headbutt the orc warrior.
The orc warrior is heavily wounded.
The orc warrior hits you with a +0 battleaxe!
You barely miss the orc warrior. Your headbutt misses the orc warrior.
The orc warrior is heavily wounded.
The orc warrior hits you with a +0 battleaxe!!
Ouch! That really hurt!
You die...

....#............##.....#######.#
....#.[..........##.....# #.#
....#............##.##### #.#
....#............##.# #.#
.(..#..........#.##.##### #.#
........######.#.##.#...# #.#
....###...........#.#...#######.#
##.############..o#.#........##.#
#.#............@...###.####.##.#
#.#.....##.......#####.#.#..##.#
#.#.....##.####.#....#.#.....#.#
#.#.....##.#.........#.#.#####.#
#.#.....##.#.#.##....#..<......#
#.#.....##.#.#.##....###########
#.#.....##.#.#...))..#
#.#....[##.#.####....#
#.#.....##.#.........#


You could see an orc warrior.

Vanquished Creatures
  A necrophage (D:4)
  2 orc priests (D:4)
  A hound (D:5)
  Natasha (thrice) (D:1)
  A hound skeleton (D:4)
  Robin (D:2)
  4 adders
  An ooze (D:1)
  6 worms
  3 leopard geckos
  5 orcs
  10 bats
  2 giant cockroaches (D:3)
  12 goblins
  12 hobgoblins
  4 quokkas
  A ball python (D:1)
  5 frilled lizards (D:1)
  A jackal skeleton (D:3)
  9 kobolds
  10 rats
94 creatures vanquished.

Notes
Turn   | Place    | Note
-------+----------+-------------------------------------------
     0 | D:1      | Borgoz the Gargoyle Gladiator began the quest for the Orb.
     0 | D:1      | Reached XP level 1. HP: 12/12 MP: 1/1
   118 | D:1      | Reached XP level 2. HP: 18/18 MP: 2/2
   256 | D:1      | Reached skill level 1 in Armour
   651 | D:1      | Reached XP level 3. HP: 22/22 MP: 3/3
  1303 | D:2      | Noticed Robin
  1305 | D:2      | Reached XP level 4. HP: 10/28 MP: 4/4
  1305 | D:2      | Gained mutation: You have a pair of small horns on your
                  | head. [potion of mutation]
  1305 | D:2      | Gained mutation: You are robust. (+10% HP) [potion of
                  | mutation]
  1321 | D:2      | Noticed Natasha
  1640 | D:1      | Killed Natasha
  1813 | D:1      | Noticed Natasha
  1824 | D:1      | Killed Natasha
  1825 | D:1      | Reached XP level 5. HP: 20/35 MP: 5/5
  1825 | D:1      | Noticed Natasha
  1834 | D:1      | Killed Natasha
  2010 | D:2      | Killed Robin
  3560 | D:4      | Reached XP level 6. HP: 39/41 MP: 6/6
  3582 | D:4      | Noticed a necrophage
  3593 | D:4      | Killed a necrophage
  4191 | D:5      | Entered Level 5 of the Dungeon
  4228 | D:5      | Noticed an orc warrior
  4268 | D:4      | Mangled by an orc warrior

Illustrated notes

Levels and vault maps discovered:
D:1:      dpeg_arrival_line_fractal, layout_basic, serial_glass,
          glass_columns_b, glass_columns_a, minmay_misc_feat_square,
          hangedman_abyss_or_decor_stabs, st_stairs_2, minmay_tetromino_s4
D:2:      layout_rooms, uniq_robin, uniq_natasha
D:3:      layout_basic, item_on_display_a
D:4:      layout_basic
D:5:      layout_basic, serial_shops, shop, grunt_ministairs_5

Skill      XL: |  1  2  3  4  5  6 |
---------------+-------------------+-----
Armour         | 1 2 3 |  3.5
Fighting       | 3 4 |  4.3
Dodging        | 3 |  3.7
Maces & Flails | 4 |  4.5
Throwing       | |  1.7
Shields        | |  0.4

Action                   |  1- 3 |  4- 6 || total
-------------------------+-------+-------++-------
Melee: Flail             |   109 |   186 ||   295
       Headbutt          |       |    28 ||    28
Throw: Throwing net      |       |     3 ||     3
  Use: Potion            |       |     2 ||     2
       Scroll            |       |     1 ||     1
 Stab: Sleeping          |     2 |       ||     2
Armor: Leather armour    |    46 |   113 ||   159
Dodge: Dodged            |    86 |   159 ||   245
Block: Buckler           |       |     8 ||     8

Table legend: (Time is in decaauts)
 A = Elapsed time spent in this place.
 B = Non-inter-level travel time spent in this place.
 C = Inter-level travel time spent in this place.
 D = Time resting spent in this place.
 E = Time spent auto-exploring this place.
 F = Levels seen in this place.
 G = Mean time per level.
                   A        B        C        D        E       F      G
               +--------+--------+--------+--------+--------+-----+--------+
         Total |   4345 |   4210 |    135 |    840 |   2601 |   5 |  869.0 |
       Dungeon |   4345 |   4210 |    135 |    840 |   2601 |   5 |  869.0 |
               +--------+--------+--------+--------+--------+-----+--------+

Top non-repeatable levels by time:
     D:1: 1759 daAuts
     D:3: 1025 daAuts
     D:2: 757 daAuts
     D:4: 736 daAuts
     D:5: 67 daAuts
